AoeStats
← Cynthia

Arena

508942078Analyzed
3v3 RM · 7d ago on Sep 24, 2026· 39m 11s· 6 players
Game mode
Random Map
Map size
Normal (6 player)
Population
200
Speed
Normal
Resources
Standard
Victory
Conquest
Starting age
Dark Age
Ending age
Imperial Age
RankedLock teamsTeams togetherTeam positionsShared explorationLock speedFull tech treeHidden civsTurbo modeCheats
Victory
Defeat
🇺🇸 Tupi · United States
1557
+11
🇧🇪 Slavs · Belgium
1536
+12
🇫🇮 Persians · Finland
1514
+13
🇺🇸 Danes · United States
1481
-13
🇨🇿 Mongols · Czechia
1467
-13
🇨🇱 Saxons · Chile
1402
-10
MooSpecial
11:02 Feudal Age
14:51 Castle Age
12:41 Double-Bit Axe
13:06 Horse Collar
15:53 Bow Saw
21:12 Wheelbarrow
21:25 Heavy Plow
21:45 Loom
22:10 Gold Mining
22:44 Scale Mail Armor
24:07 Hand Cart
24:42 Squires
24:29 Town Watch
28:29 Imperial Age
26:41 Fletching
26:52 Padded Archer Armor
27:50 Bodkin Arrow
28:23 Ballistics
28:20 Leather Archer Armor
28:39 Thumb Ring
28:43 Heavy Mounted Crossbowman
28:52 Cranequins
29:27 Stone Mining
30:12 Gold Shaft Mining
30:08 Bracer
31:17 Chemistry
31:36 Conscription
32:32 Ring Archer Armor
32:43 Bloodlines
32:34 Husbandry
32:46 Siege Engineers
32:54 Elite Jomsviking
33:50 Chain Mail Armor
34:39 Forging
35:31 Plate Mail Armor
36:07 Iron Casting
35:46 Masonry
37:57 Arson
38:09 Pikeman
39:50 Blast Furnace
38:59 Halberdier
fall
10:50 Feudal Age
14:58 Castle Age
13:29 Double-Bit Axe
14:08 Horse Collar
15:59 Bow Saw
20:56 Loom
22:09 Heavy Plow
22:08 Fletching
23:30 Wheelbarrow
22:44 Town Watch
23:50 Bodkin Arrow
29:48 Imperial Age
28:12 Ballistics
27:55 Padded Archer Armor
29:47 Bloodlines
29:37 Husbandry
29:54 Leather Archer Armor
29:58 Hand Cart
30:07 Elite Mangudai
31:29 Fortified Wall
31:47 Bracer
32:32 Masonry
33:10 Conscription
33:35 Nomads
33:08 Light Cavalry
34:11 Scale Barding Armor
33:52 Hussar
36:07 Forging
Bi Hez
10:05 Feudal Age
13:44 Castle Age
20:32 Double-Bit Axe
20:29 Horse Collar
24:17 Loom
25:08 Wheelbarrow
28:34 Imperial Age
27:01 Bow Saw
26:55 Heavy Plow
26:56 Gold Mining
28:34 Ballistics
28:11 Fletching
28:21 Padded Archer Armor
29:07 Bodkin Arrow
30:17 Chemistry
30:29 Two-Man Saw
30:31 Guard Tower
31:32 Conscription
30:43 Elite Varangian Guard
31:24 Squires
31:11 Arson
31:29 Scale Mail Armor
31:38 Arrowslits
31:54 Gambesons
33:25 Keep
32:50 Murder Holes
32:50 Shield Wall
34:14 Chain Mail Armor
34:27 Bracer
35:25 Plate Mail Armor
37:57 Masonry
38:46 Leather Archer Armor
39:16 Architecture
38:12 Pikeman
Cynthia
2:57 Loom
4:40 Loom
10:02 Feudal Age
14:13 Castle Age
12:17 Horse Collar
12:22 Double-Bit Axe
16:14 Bow Saw
16:40 Fletching
16:54 Loom
18:29 Heavy Plow
18:47 Bodkin Arrow
25:01 Wheelbarrow
26:49 Hand Cart
26:36 Heavy Plow
26:27 Gold Mining
26:37 Stone Mining
28:40 Gold Shaft Mining
31:21 Imperial Age
29:16 Padded Archer Armor
30:34 Leather Archer Armor
30:53 Ballistics
30:52 Crossbowman
32:03 Bracer
33:05 Chemistry
31:31 Arbalester
32:34 Conscription
32:28 Curare
34:09 Conscription
34:04 Caravan
35:24 Coinage
37:00 Treadmill Crane
38:50 Ring Archer Armor
39:45 Two-Man Saw
39:03 Town Watch
PieterDela
11:08 Feudal Age
10:41 Loom
14:57 Castle Age
13:03 Double-Bit Axe
13:20 Horse Collar
20:47 Wheelbarrow
20:01 Town Watch
24:45 Hand Cart
24:40 Gold Mining
25:06 Bow Saw
24:59 Heavy Plow
29:50 Imperial Age
28:06 Bloodlines
28:50 Coinage
28:59 Scale Barding Armor
29:04 Forging
29:37 Detinets
30:00 Chain Barding Armor
29:55 Elite Boyar
31:16 Conscription
31:20 Husbandry
31:59 Iron Casting
31:32 Stone Mining
31:12 Elite Boyar
33:00 Plate Barding Armor
33:39 Two-Man Saw
33:11 Crop Rotation
34:39 Gold Shaft Mining
34:46 Masonry
39:38 Hoardings
40:07 Chemistry
39:27 Ballistics
dioroja
9:55 Feudal Age
13:45 Castle Age
12:00 Double-Bit Axe
12:14 Horse Collar
14:34 Bow Saw
14:57 Heavy Plow
24:32 Wheelbarrow
23:43 Loom
24:54 Gold Mining
28:17 Imperial Age
27:10 Scale Barding Armor
27:18 Bloodlines
27:08 Husbandry
27:53 Hand Cart
28:31 Chain Barding Armor
28:42 Forging
28:14 Cavalier
30:18 Two-Man Saw
30:24 Plate Barding Armor
30:17 Conscription
30:40 Savar
32:18 Fletching
33:52 Iron Casting
35:19 Chemistry
37:44 Blast Furnace
37:55 Hoardings
37:32 Masonry
37:18 Bodkin Arrow
38:14 Crop Rotation
Connection lost

Rejoining the realm…

Still unreachable

The connection could not be restored.

Session expired

The server has moved on; the page needs a fresh start.